 Dungeon Crawl Stone Soup version 0.21-a0-528-gf531e82 (webtiles) character file.

34 teukkam the Twirler (level 3, -2/25 HPs)
             Began as a Gnoll Wanderer on Dec 8, 2017.
             Slain by a worker ant (8 damage)
             ... on level 2 of the Dungeon.
             The game lasted 00:05:02 (1482 turns).

teukkam the Twirler (Gnoll Wanderer)                Turns: 1482, Time: 00:05:02

Health: -2/25      AC:  2    Str: 14    XL:     3   Next: 31%
Magic:  4/4        EV: 14    Int: 17    God:
Gold:   65         SH:  0    Dex: 12    Spells: 3/3 levels left

rFire    . . .     SeeInvis .   f - -1 dagger (curse)
rCold    . . .     Gourm    .   (no shield)
rNeg     . . .     Faith    .   c - +0 robe
rPois    .         Spirit   .   (no helmet)
rElec    .         Reflect  .   (no cloak)
rCorr    .         Harm     .   (no gloves)
MR       .....                  (no boots)
Stlth    ++........             (no amulet)
HPRegen  0.08/turn              (no ring)
MPRegen  0.09/turn              (no ring)

@: lethally poisoned (-2 -> -7)
A: distributed training, fangs 1, strong nose
a: no special abilities


You were on level 2 of the Dungeon.
You were not hungry.

You visited 1 branch of the dungeon, and saw 3 of its levels.

You collected 65 gold pieces.

Inventory:

Hand Weapons
 a - a +2 quarterstaff
 f - a cursed -1 dagger (weapon)
Armour
 c - a +0 robe (worn)
Scrolls
 e - 2 scrolls of identify
 i - a scroll of teleportation
Potions
 b - a potion of curing
 k - a potion of agility {unknown}
 m - a potion of lignification {unknown}
Comestibles
 d - a bread ration
 g - 2 royal jellies
 h - 2 chunks of flesh


   Skills:
 + Level 0.7 Fighting
 + Level 6.5 Short Blades
 + Level 0.7 Long Blades
 + Level 0.7 Axes
 + Level 0.7 Maces & Flails
 + Level 0.7 Polearms
 + Level 6.5 Staves
 + Level 0.7 Slings
 + Level 0.7 Bows
 + Level 0.7 Crossbows
 + Level 0.7 Throwing
 + Level 0.7 Armour
 + Level 4.5 Dodging
 + Level 2.3 Stealth
 + Level 2.6 Shields
 + Level 0.7 Unarmed Combat
 + Level 0.7 Spellcasting
 + Level 0.5 Conjurations
 + Level 0.5 Hexes
 + Level 0.5 Charms
 + Level 0.5 Summonings
 + Level 0.5 Necromancy
 + Level 0.5 Translocations
 + Level 0.5 Transmutations
 + Level 0.5 Fire Magic
 + Level 0.5 Ice Magic
 + Level 0.5 Air Magic
 + Level 0.5 Earth Magic
 + Level 0.5 Poison Magic
 + Level 0.9 Invocations
 + Level 0.7 Evocations


You had 3 spell levels left.
You didn't know any spells.

Dungeon Overview and Level Annotations

Branches:
Dungeon (3/15)

Altars:


Innate Abilities, Weirdness & Mutations

Your experience applies equally to all skills.
You have very sharp teeth.
Your uncanny sense of smell can sniff out nearby items.


Message History

The worker ant is moderately wounded.
The worker ant bites you.
You hit the worker ant but do no damage.
The worker ant is moderately wounded.
The worker ant bites you but does no damage.
You barely miss the worker ant.
The worker ant is moderately wounded.
The worker ant bites you.
* * * LOW HITPOINT WARNING * * *
You are poisoned.
The worker ant poisons you!
You aren't carrying any items that you can evoke.
You closely miss the worker ant.
You bite the worker ant, but do no damage.
The worker ant is moderately wounded.
You feel sick.
You hit the worker ant but do no damage.
The worker ant is moderately wounded.
The worker ant bites you!
You die...

....S.......##.#.###
...########.# ...#
...# #)###..## ...#
#........ ##.#
######........ #.#
#.............
#.#########'## #.#
#.# #.# #@#
#.#########a###
#.#.......gg..#
#.###.#.....†..>..#
#.....#...........#
####..............#
#.......(......#
#..............#
#..............#


You could see a worker ant, a hobgoblin and a goblin.

Vanquished Creatures
  3 dart slugs
  3 bats
  A giant cockroach (D:1)
  2 goblins (D:1)
  6 hobgoblins
  4 jackals (D:1)
  4 kobolds
23 creatures vanquished.

Notes
Turn   | Place    | Note
-------+----------+-------------------------------------------
     0 | D:1      | teukkam the Gnoll Wanderer began the quest for the Orb.
     0 | D:1      | teukkam set off with: a +2 quarterstaff, 2 potions of curing, a +0 robe, a bread ration
     0 | D:1      | Reached XP level 1. HP: 13/13 MP: 1/1
    56 | D:1      | Reached XP level 2. HP: 14/19 MP: 2/2
  1199 | D:2      | Reached XP level 3. HP: 23/25 MP: 3/3
  1482 | D:2      | Slain by a worker ant

Vault maps used:
D:1:      minmay_arrival_checkered_box
D:2:      first_bread
D:3:      grunt_temple_overflow_growth_and_decay, marbit_many_paths

Action                   || total
-------------------------++-------
Melee: Quarterstaff      ||    36
       Dagger            ||   106
       Bite              ||    20
       Punch             ||     1
  Use: Scroll            ||     3
       Potion            ||     3
  Eat: Chunk             ||     2
Armor: Robe              ||    18
Dodge: Dodged            ||    99

Table legend:
 A = Spawn XP
 B = Non-spawn XP
 C = Spawn XP percentage of total XP
 D = Spawn monster count
 E = Non-spawn monster count
 F = Spawn count percentage of total count
 G = Total turns spent on level
                    A         B        C        D         E        F      G
               +---------+---------+-------+---------+---------+-------+---------
         Total |       0 |      49 |   0.0 |       0 |      23 |   0.0 |  1482
               +---------+---------+-------+---------+---------+-------+---------
           D:1 |       0 |      33 |   0.0 |       0 |      16 |   0.0 |  1231
           D:2 |       0 |      16 |   0.0 |       0 |       7 |   0.0 |   245
               +---------+---------+-------+---------+---------+-------+---------
